AoeStats
← TT

Arena

510350161Analyzed
4v4 RM · 23h ago on Sep 30, 2026· 57m 40s· 8 players
Game mode
Random Map
Map size
Large (8 player)
Population
200
Speed
Normal
Resources
Standard
Victory
Conquest
Starting age
Dark Age
Ending age
Imperial Age
RankedLock teamsTeams togetherTeam positionsShared explorationLock speedFull tech treeHidden civsTurbo modeCheats
Victory
Defeat
🇮🇪 Poles · Ireland
1048
+15
🇧🇷 Khmer · Brazil
1038
+16
🇻🇳 Huns · Vietnam
1027
+16
🇨🇳 Turks · China
996
+17
🇧🇪 Chinese · Belgium
1066
-18
🇷🇺 Japanese · Russia
1063
-17
🇺🇸 Goths · United States
1004
-15
🇫🇷 Huns · France
986
-14
sonhero3000
1:33 Loom
10:32 Feudal Age
11:58 Horse Collar
17:00 Castle Age
15:35 Stone Mining
15:43 Double-Bit Axe
17:39 Wheelbarrow
18:25 Bow Saw
25:07 Hand Cart
28:19 Gold Mining
28:53 Town Watch
29:16 Heavy Plow
29:51 Scale Barding Armor
29:47 Scale Mail Armor
29:57 Forging
31:02 Man-at-Arms
31:44 Squires
35:24 Imperial Age
33:09 Pikeman
34:04 Marauders
34:26 Caravan
35:00 Thumb Ring
35:34 Fletching
35:44 Padded Archer Armor
36:01 Chain Mail Armor
37:07 Iron Casting
36:27 Bodkin Arrow
36:56 Guilds
39:10 Gold Shaft Mining
39:38 Two-Man Saw
39:41 Parthian Tactics
40:26 Blast Furnace
39:46 Chain Barding Armor
39:15 Long Swordsman
40:41 Conscription
41:10 Husbandry
41:20 Bloodlines
40:58 Two-Handed Swordsman
42:43 Heavy Cavalry Archer
45:49 Chemistry
45:09 Ballistics
47:43 Town Patrol
48:50 Bodkin Arrow
49:10 Leather Archer Armor
50:16 Bracer
50:51 Plate Barding Armor
54:20 Halberdier
redjumper99
0:27 Loom
0:52 Loom
11:47 Feudal Age
12:16 Double-Bit Axe
12:15 Horse Collar
15:26 Gold Mining
18:35 Castle Age
17:10 Forging
18:44 Scale Barding Armor
18:52 Bloodlines
19:25 Husbandry
25:28 Iron Casting
26:02 Bow Saw
28:21 Chain Barding Armor
28:41 Wheelbarrow
28:53 Stone Mining
29:48 Heavy Plow
31:40 Hand Cart
32:26 Stone Shaft Mining
32:01 Town Watch
37:27 Imperial Age
35:32 Squires
35:20 Arson
37:04 Szlachta Privileges
36:53 Pikeman
37:36 Cavalier
38:20 Scale Mail Armor
39:18 Crop Rotation
38:29 Man-at-Arms
41:05 Blast Furnace
41:05 Chain Mail Armor
41:58 Conscription
44:46 Plate Mail Armor
46:43 Long Swordsman
47:49 Two-Handed Swordsman
51:27 Champion
52:00 Fletching
54:48 Arrowslits
55:15 Masonry
55:38 Caravan
56:24 Bodkin Arrow
57:04 Elite Skirmisher
57:20 Sappers
TT
1:04 Loom
13:06 Feudal Age
14:11 Town Watch
15:37 Fletching
26:00 Castle Age
26:26 Double-Bit Axe
30:53 Bow Saw
32:26 Wheelbarrow
34:10 Gold Mining
34:11 Stone Mining
41:51 Imperial Age
40:17 Hand Cart
40:38 Ballistics
41:30 Masonry
43:19 Siege Engineers
44:40 Gold Shaft Mining
44:41 Stone Shaft Mining
43:49 Horse Collar
44:09 Bodkin Arrow
44:11 Heavy Scorpion
46:02 Double Crossbow
46:26 Scale Barding Armor
46:22 Scale Mail Armor
47:39 Chemistry
47:50 Hoardings
49:50 Capped Ram
50:51 Siege Ram
54:22 Murder Holes
55:50 Forging
56:01 Chain Barding Armor
gongyi528
12:32 Feudal Age
10:47 Loom
13:55 Double-Bit Axe
14:01 Gold Mining
14:25 Horse Collar
17:08 Castle Age
18:40 Gold Shaft Mining
22:42 Imperial Age
20:46 Bow Saw
21:00 Padded Archer Armor
22:01 Leather Archer Armor
21:48 Heavy Plow
24:22 Wheelbarrow
24:19 Ring Archer Armor
35:33 Fortified Wall
37:55 Hand Cart
38:04 Scale Barding Armor
39:37 Chain Barding Armor
40:46 Two-Man Saw
40:09 Forging
39:37 Capped Ram
41:08 Plate Barding Armor
41:21 Bloodlines
41:12 Husbandry
44:02 Iron Casting
43:59 Treadmill Crane
44:40 Bombard Tower
44:31 Masonry
44:48 Fletching
45:58 Blast Furnace
45:03 Town Watch
45:47 Bodkin Arrow
47:11 Architecture
47:02 Ballistics
55:05 Bracer
JAF23
0:53 Loom
12:17 Feudal Age
13:04 Double-Bit Axe
13:01 Horse Collar
18:08 Castle Age
17:16 Forging
19:46 Heavy Plow
19:57 Bow Saw
20:44 Iron Casting
25:11 Wheelbarrow
24:59 Scale Mail Armor
25:06 Pikeman
30:52 Imperial Age
29:17 Squires
30:01 Chain Mail Armor
30:06 Hand Cart
31:59 Perfusion
32:17 Halberdier
33:40 Anarchy
37:22 Blast Furnace
38:38 Elite Huskarl
40:08 Crop Rotation
47:46 Man-at-Arms
48:57 Long Swordsman
49:34 Two-Handed Swordsman
49:56 Champion
Lyes37
10:41 Feudal Age
14:47 Loom
17:26 Castle Age
15:55 Gold Mining
16:25 Double-Bit Axe
16:52 Horse Collar
18:15 Heavy Plow
18:37 Bow Saw
19:31 Gold Shaft Mining
24:19 Stone Mining
29:22 Wheelbarrow
31:56 Fletching
34:44 Ballistics
35:19 Hand Cart
38:02 Imperial Age
37:20 Scale Barding Armor
37:26 Forging
37:46 Bloodlines
37:38 Husbandry
38:38 Chain Barding Armor
40:56 Conscription
45:15 Two-Man Saw
45:32 Plate Barding Armor
46:30 Scale Mail Armor
48:29 Elite Tarkan
53:24 Iron Casting
55:26 Pikeman
56:06 Squires
57:09 Blast Furnace
56:26 Chain Mail Armor
57:32 Chemistry
SicariusFeroxis
0:28 Loom
8:46 Feudal Age
9:20 Double-Bit Axe
16:01 Scale Mail Armor
15:24 Man-at-Arms
19:20 Wheelbarrow
18:49 Fletching
23:21 Castle Age
22:26 Forging
22:29 Horse Collar
24:29 Chain Mail Armor
23:35 Pikeman
24:16 Squires
27:15 Elite Skirmisher
29:23 Bodkin Arrow
42:04 Hand Cart
43:17 Bow Saw
43:49 Thumb Ring
45:57 Padded Archer Armor
56:10 Gold Mining
Él nachos
11:20 Feudal Age
15:42 Castle Age
14:21 Double-Bit Axe
14:37 Horse Collar
16:55 Bow Saw
17:57 Forging
19:20 Heavy Plow
23:34 Wheelbarrow
26:45 Gold Mining
27:22 Stone Mining
28:08 Gold Shaft Mining
27:22 Loom
29:06 Scale Barding Armor
29:36 Iron Casting
29:39 Bloodlines
36:10 Imperial Age
33:45 Husbandry
36:19 Cavalier
38:50 Blast Furnace
38:20 Chain Barding Armor
39:17 Conscription
38:28 Light Cavalry
42:31 Coinage
42:01 Caravan
49:56 Squires
49:33 Pikeman
50:24 Scale Mail Armor
50:08 Halberdier
52:06 Hoardings
53:26 Two-Man Saw
54:14 Chain Mail Armor
53:57 Onager
Connection lost

Rejoining the realm…

Still unreachable

The connection could not be restored.

Session expired

The server has moved on; the page needs a fresh start.